Unix NetHack Version 5.0.0-0 post-release - last build Jun 10 2026 00:39:30 (3ee93aec679c4c4259841fe613dc97188e26a321,branch:main).

Game began 2026-06-14 09:12:20, ended 2026-06-14 09:53:41.

LDaviesPeters, neutral female human Archeologist

   -------          ------
   |...>[|          |{...|
   |......##########|....|
   |.....|         #|....|                        ------------     --------
   |......         #|...^.#                       |..........|     |.?+???|
   -----.-#        #|....|%                       |o.....)@...#####|.????+|
        #####      #---|--#####                ###...........|    #-.???.?|
          # #      ###############             #  |..........|     |.+????|
          ####       #    #   ###              #  |..........|     |.+????|
      -----.--       #    ###   #              #  ------------     |.?????|
      |......| #   --.--    ###########    #####                   --------
      |.......#### |...+    ########--.--  #
      |......|#  # |...|           #-.<.|  #
      |......|  ###+..(|            |...|  #
      |......|     |...|            |....###
      --------     -----            -----

LDaviesPeters the Field Worker  St:12 Dx:10 Co:14 In:15 Wi:16 Ch:10  Neutral
Dlvl:6  $:0  HP:0(29) Pw:27(27) AC:8  Xp:5 T:3638  Weak     Burdened

Latest messages:
 You put a scroll of teleportation into the sack.
 You see here a scroll of light (for sale, 67 zorkmids).
 You see here a scroll of gold detection (for sale, 133 zorkmids).
 You see here a scroll of light (for sale, 67 zorkmids).
 You see here a scroll of gold detection (for sale, 133 zorkmids).
 You see here a dull spellbook (for sale, 400 zorkmids).
 You see here a scroll of light (for sale, 67 zorkmids).
 You see here a scroll of food detection (for sale, 133 zorkmids).
 You see here a scroll of identify (for sale, 27 zorkmids).
 You see here a scroll of confuse monster (for sale, 133 zorkmids).
 The door resists!
 The door resists!
 The door opens.
 You miss the rock mole.
 You miss the rock mole.
 You lash the rock mole.
 You miss the rock mole.
 You miss the rock mole.
 You miss the rock mole.
 The rock mole bites!
 You miss the rock mole.
 You lash the rock mole.
 You lash the rock mole.
 You are beginning to feel weak.
 Your movements are slowed slightly because of your load.
 You miss the rock mole.
 You lash the rock mole.
 The rock mole bites!
 You miss the rock mole.
 The rock mole bites!
 You miss the rock mole.
 You miss the rock mole.
 You miss the rock mole.
 The rock mole bites!
 The rock mole bites!
 You miss the rock mole.
 You miss the rock mole.
 You miss the rock mole.
 You miss the rock mole.
 You miss the rock mole.
 The rock mole bites!
 You lash the rock mole.
 The rock mole bites!
 The rock mole bites!
 You lash the rock mole.
 The goblin throws a crude dagger!
 The crude dagger misses the rock mole.
 You are hit by a crude dagger.
 You die...
 Do you want your possessions identified? [ynq] (y) q

Inventory:
 Amulets  ('"')
  t - a cursed amulet of change
  G - an uncursed amulet of unchanging (being worn)
 Weapons  (')')
  o - a blessed +1 dart
  y - 3 +0 darts
  a - a +2 bullwhip (weapon in right hand)
 Armor    ('[')
  c - an uncursed +0 fedora
  m - an uncursed +0 orcish helm (being worn)
  h - a blessed +0 leather jacket (being worn)
 Comestibles  ('%')
  S - 2 cursed cram rations
  d - 3 uncursed food rations
  u - an uncursed lembas wafer
 Scrolls  ('?')
  z - an uncursed scroll of teleportation
 Rings    ('=')
  J - an uncursed ring of free action (on left hand)
 Wands    ('/')
  A - a wand of cold (0:5)
  N - a wand of fire (0:3)
  P - a wand of light (0:14)
  K - a wand of slow monster (0:3)
  V - a wand of stasis (0:2)
  M - a wand of teleportation (0:4)
 Tools    ('(')
  b - an uncursed sack containing 14 items
  l - an uncursed oil lamp
  s - an uncursed tallow candle
  r - a cursed tin whistle
  f - a tinning kit (0:72)
 Gems/Stones  ('*')
  C - an uncursed worthless piece of yellow glass
  n - an uncursed worthless piece of yellowish brown glass
  g - an uncursed touchstone

Contents of the sack:
  82 gold pieces
  an uncursed scroll of create monster
  an uncursed scroll of earth
  2 uncursed scrolls of light
  a blessed scroll of magic mapping
  an uncursed scroll of scare monster
  2 uncursed scrolls of teleportation
  an uncursed potion of invisibility
  an uncursed potion of confusion
  2 uncursed potions of extra healing
  a blessed potion of extra healing
  a blessed potion of full healing
  an uncursed potion of oil
  a +0 pick-axe

LDaviesPeters the Archeologist's attributes:

Background:
 You were a Field Worker, a level 5 female human Archeologist.
 You were neutral, nominally on a mission for Camaxtli
 who was opposed by Quetzalcoatl (lawful) and Huhetotl (chaotic).
 You were right-handed.
 You were in the Dungeons of Doom, on level 6.
 You entered the dungeon 3638 turns ago.
 There was a new moon in effect when your adventure ended.
 You had 171 experience points, 149 more were needed to attain level 6.

Basics:
 You had 0 out of 29 hit points.
 You had all 27 energy points (spell power).
 Your armor class was 8.
 Your wallet was empty, but
 you had 82 zorkmids stashed away in your pack.
 Autopickup was off.

Final Characteristics:
 Your strength was 12 (base:13, limit:18/100).
 Your dexterity was 10 (limit:18).
 Your constitution was 14 (limit:18).
 Your intelligence was 15 (limit:18).
 Your wisdom was 16 (limit:18).
 Your charisma was 10 (limit:18).

Final Status:
 You were weak from severe hunger.
 You were burdened; movement was slightly slowed.
 You were wielding a whip.
 You had basic skill with whip.

Final Attributes:
 You were piously aligned.
 You had automatic searching.
 You were stealthy.
 You couldn't change from your current form.
 You had free action.
 You are dead.

Miscellaneous:
 You didn't encounter any bones levels.
 Total elapsed playing time was 41 minutes and 21 seconds.

Major events:
 Turn
    1: LDaviesPeters the neutral female human Archeologist entered the dungeon
  556: entered the Gnomish Mines
  808: attained the rank of Field Worker (level 3)
 3638: killed by an orcish dagger

Spells:
 Name                 Level Category     Fail Retention
 create monster         2   clerical      94%  76%-100%

Skills:
 Fighting Skills
   bare handed combat [Unskilled]
   two weapon combat  [Unskilled]
   riding             [Unskilled]
 Weapon Skills
   dagger             [Unskilled]
   knife              [Unskilled]
   pick-axe           [Basic]
   short sword        [Unskilled]
   saber              [Unskilled]
   club               [Unskilled]
   quarterstaff       [Unskilled]
   sling              [Unskilled]
   dart               [Unskilled]
   boomerang          [Unskilled]
   whip               [Basic]
   unicorn horn       [Unskilled]
 Spellcasting Skills
   attack spells      [Unskilled]
   healing spells     [Unskilled]
   divination spells  [Unskilled]
   matter spells      [Unskilled]

Voluntary challenges:
 Character rerolling was not enabled.
 You were an atheist.
 You never genocided any monsters.
 You never polymorphed an object.
 You never changed form.
 You used no wishes.
Achievements:
 You entered the Gnomish Mines.
 You attained the rank of Field Worker.
 You entered a shop.

 The Dungeons of Doom: levels 1 to 7
    Level 1:
       Some fountains.
    Level 2:
       A general store, a grave.
       Stairs down to The Gnomish Mines.
    Level 3:
    Level 4:
       Some fountains, a grave, many trees.
    Level 5:
       A general store.
    Level 6: <- You were here.
       A scroll shop, a fountain.
       Final resting place for
          you, killed by an orcish dagger.
    Level 7:
 The Gnomish Mines:
    Level 3:


Vanquished creatures:
  a small mimic
  a floating eye
  a homunculus
  2 kobold leaders
  a kobold shaman
  a rabid rat
  a werejackal
 an acid blob
  2 coyotes
  2 hobbits
  a large kobold
  2 hobgoblins
  2 giant rats
  2 yellow molds
  a gnome zombie
  3 geckos
  4 jackals
  a fox
  a kobold
  a goblin
  4 grid bugs
  6 lichens
  2 kobold zombies
  4 newts
47 creatures vanquished.

No species were genocided or became extinct.

Game over:
                       ----------
                      /          \
                     /    REST    \
                    /      IN      \
                   /     PEACE      \
                  /                  \
                  |  LDaviesPeters   |
                  |      82 Au       |
                  |   killed by an   |
                  |  orcish dagger   |
                  |                  |
                  |                  |
                  |       2026       |
                 *|     *  *  *      | *
        _________)/\\_//(\/(/\)/\//\/|_)_______

Goodbye LDaviesPeters the Archeologist...

You died in The Dungeons of Doom on dungeon level 6 with 1088 points,
and 82 pieces of gold, after 3638 moves.
You were level 5 with a maximum of 29 hit points when you died.

